Map: Kairos Junction LE

Players

ShoWTimE

  • Race: Protoss Protoss
  • League: Grandmaster
  • Spawn Location: 11:00

HeroMarine - Winner!

  • Race: Terran Terran
  • League: Master
  • Spawn Location: 5:00

Event: 2019 WCS Winter Europe

VOD

Have the link to the VOD?

Description

Time

  • Played on: March 24, 2019, 9:11 a.m.
  • Length: 11:08

All games in this series

Show
View Real Time Build Order
Export as new Build Order

ShoWTimE Protoss 

Build Orders: 1 Gate Expand, Colossus Rush 

Get SALT Encoding   

  12  0:00  Probe  
  13  0:12  Probe  
  14  0:16  Pylon  
  14  0:24  Probe  
  15  0:32  Probe  
  15  0:37  Gateway  
  15  0:40  Probe  
  16  0:45  Assimilator  
  17  0:51  Probe  
  18  1:03  Probe  
  19  1:15  Probe  
  20  1:22  Nexus  
  20  1:32  Cybernetics Core  
  20  1:34  Probe  
  21  1:40  Assimilator  
  21  1:47  Probe  
  22  1:50  Pylon  
  22  1:58  Adept  
  22  1:59  Probe  
  25  2:08  Warp Gate  
  25  2:11  Probe  
  26  2:19  Robotics Facility  
  26  2:20  Stalker  
  26  2:23  Probe  
  29  2:31  Probe  
  29  2:35  Probe  
  31  2:39  Probe  
  32  2:47  Probe  
  32  2:49  Probe  
  33  2:55  Stalker  
  36  2:59  Probe  
  36  3:00  Observer  
  36  3:01  Probe  
  38  3:11  Probe  
  40  3:13  Probe, Gateway  
  40  3:18  Gateway  
  41  3:20  Observer  
  41  3:23  Probe  
  41  3:25  Probe  
  44  3:27  Pylon  
  44  3:35  Assimilator, Probe x2  
  44  3:38  Assimilator  
  46  3:46  Observer, Probe  
  46  3:48  Probe  
  48  3:54  Pylon  
  49  3:57  Stalker  
  49  3:59  Probe  
  49  4:00  Probe  
  53  4:08  Robotics Bay  
  52  4:10  Pylon  
  52  4:11  Observer, Probe  
  52  4:12  Observer, Probe  
  55  4:22  Forge  
  55  4:23  Probe  
  56  4:25  Observer  
  56  4:29  Observer  
  56  4:36  Sentry  
  58  4:40  Nexus  
  58  4:41  Pylon  
  58  4:43  Colossus, Probe x2  
  60  4:52  Extended Thermal Lance  
  60  4:56  Protoss Ground Weapons Level 1, Probe  
  60  4:57  Probe  
  68  5:06  Pylon  
  68  5:11  Observer, Twilight Council, Probe  
  68  5:13  Probe  
  69  5:22  Gateway  
  69  5:25  Colossus, Gateway  
  69  5:26  Probe x2  
  71  5:38  Probe  
  78  5:44  Pylon  
  78  5:46  Zealot, Shield Battery  
  78  5:49  Charge  
  80  5:52  Templar Archives  
  80  5:58  Probe  
  80  5:59  Probe x2  
  83  6:05  Zealot x2  
  83  6:10  Colossus, Probe  
  83  6:11  Probe x2  
  89  6:23  Pylon  
  95  6:28  High Templar  
  95  6:29  Stalker  
  95  6:31  Zealot x2  
  103  6:33  Protoss Ground Armor Level 1  
  103  6:35  Probe  
  103  6:36  Probe x2  
  103  6:37  Pylon  
  106  6:40  Shield Battery  
  106  6:45  Zealot  
  102  6:53  Zealot x3  
  98  7:05  Stalker x2  
  98  7:08  Colossus, Probe x2  
  98  7:09  Probe  
  107  7:16  Zealot  
  107  7:21  Pylon  
  109  7:31  Pylon  
  109  7:36  Assimilator  
  109  7:37  Blink  
  109  7:38  Assimilator  
  109  7:39  Probe x3  
  109  7:40  Forge  
  109  7:42  Sentry  
  114  7:45  Stalker, Shield Battery  
  114  7:49  High Templar  
  114  7:51  Probe x3  
  121  7:52  Pylon  
  121  7:53  Zealot x2  
  125  8:03  Observer  
  125  8:09  Pylon  
  125  8:10  Probe x2  
  125  8:12  Pylon, Protoss Ground Weapons Level 2  
  128  8:15  Stalker x2  
  132  8:21  Pylon  
  132  8:25  Warp Prism  
  132  8:26  Pylon  
  132  8:28  Zealot x3  
  138  8:37  Protoss Ground Armor Level 2, Gateway  
  138  8:38  Pylon  
  140  8:41  Psionic Storm  
  140  8:47  High Templar  
  142  9:00  Observer  
  141  9:03  High Templar  
  141  9:06  Gravitic Drive  
  144  9:11  High Templar  
  144  9:12  Stalker  
  148  9:17  Pylon  
  148  9:23  Pylon  
  148  9:25  Stalker x2  
  152  9:34  Zealot  
  152  9:36  Gateway  
  154  9:39  Gateway  
  154  9:40  Nexus  
  154  9:43  Pylon  
  154  9:52  Stalker x5  
  154  10:11  Stalker  
  154  10:12  Colossus  
  138  10:15  Archon  
  138  10:16  Zealot x5, Archon  
  99  10:32  Zealot  
  99  10:34  Zealot x2  
  86  10:37  Zealot x5  
Show
View Real Time Build Order
Export as new Build Order

HeroMarine Terran - Winner!

Build Orders: Reaper Expand 

Get SALT Encoding   

  12  0:00  SCV  
  13  0:13  SCV  
  14  0:17  Supply Depot  
  14  0:25  SCV  
  15  0:38  SCV  
  15  0:40  Barracks  
  16  0:43  Refinery  
  16  0:50  SCV  
  17  1:02  SCV  
  18  1:15  SCV  
  19  1:28  Reaper, Orbital Command  
  20  1:45  Command Center  
  20  1:53  SCV  
  21  1:55  Supply Depot  
  21  1:59  Marine  
  22  2:05  SCV  
  23  2:09  Factory  
  23  2:17  SCV  
  23  2:19  Refinery  
  23  2:20  Barracks Reactor  
  24  2:29  SCV  
  25  2:36  Barracks  
  25  2:42  SCV  
  26  2:54  SCV, Factory Tech Lab  
  26  2:57  Marine x2  
  29  2:59  Orbital Command  
  29  3:06  SCV  
  29  3:09  Starport  
  30  3:17  Cyclone  
  30  3:18  SCV  
  34  3:21  Marine x2  
  34  3:26  SCV  
  38  3:29  Barracks Tech Lab  
  38  3:30  SCV  
  38  3:34  Bunker  
  38  3:37  Refinery  
  38  3:41  SCV  
  39  3:42  SCV  
  39  3:43  Marine x2  
  39  3:48  Stimpack  
  42  3:49  Marine  
  42  3:53  SCV  
  42  3:54  SCV  
  45  3:58  Supply Depot  
  45  4:09  Engineering Bay  
  46  4:11  Supply Depot  
  46  4:15  SCV  
  46  4:19  Raven  
  46  4:20  SCV  
  46  4:21  Barracks  
  49  4:27  SCV  
  49  4:31  Marauder  
  51  4:32  SCV  
  51  4:33  Marine  
  51  4:34  Marine  
  51  4:38  Terran Infantry Weapons Level 1  
  54  4:39  SCV  
  54  4:44  Supply Depot  
  54  4:45  SCV  
  56  4:52  SCV  
  57  4:53  Marauder  
  57  4:56  Marine x2  
  57  4:57  SCV  
  57  4:59  Supply Depot  
  62  5:05  SCV  
  63  5:09  SCV, Refinery  
  63  5:10  Starport Reactor  
  63  5:11  Factory Reactor  
  64  5:16  Supply Depot  
  64  5:17  Marauder  
  64  5:18  SCV  
  67  5:21  SCV  
  67  5:25  Combat Shield  
  67  5:26  Marauder  
  70  5:33  Marine x2  
  72  5:38  Supply Depot  
  72  5:39  Marauder  
  74  5:42  Supply Depot  
  74  5:46  Medivac x2  
  74  5:49  Concussive Shells  
  82  5:51  Marauder  
  82  5:52  Widow Mine x2  
  82  5:54  Marine x2  
  86  6:08  Marauder  
  86  6:11  SCV x2  
  90  6:12  Marine x2  
  90  6:13  Marauder  
  90  6:17  Medivac x2, Widow Mine x2  
  102  6:25  Supply Depot  
  102  6:26  Command Center  
  102  6:37  Marauder x2  
  105  6:41  SCV  
  105  6:42  SCV  
  104  6:49  Medivac x2, Marine x2, Widow Mine x2  
  110  6:59  SCV x2  
  112  7:05  Marauder x2  
  116  7:10  Barracks x2, Marine x2  
  116  7:12  Supply Depot  
  118  7:29  SCV x2  
  116  7:31  Terran Infantry Armor Level 1  
  116  7:35  Starport  
  116  7:37  Orbital Command  
  116  7:41  SCV x2  
  116  7:42  Viking  
  116  7:43  Viking  
  118  7:53  SCV x2  
  118  7:55  Marauder x2  
  118  7:56  Ghost Academy  
  124  8:00  Refinery  
  124  8:01  Refinery  
  127  8:13  Viking x3  
  127  8:15  Supply Depot  
  127  8:17  Viking, Supply Depot  
  132  8:21  Barracks Tech Lab x2  
  132  8:22  Marauder x2  
  132  8:23  SCV x2  
  132  8:24  SCV  
  139  8:27  Marine x2  
  141  8:38  Supply Depot  
  141  8:43  Viking  
  141  8:45  Viking  
  141  8:47  Viking  
  155  8:50  Viking  
  155  8:53  Ghost x3  
  153  9:00  Ghost  
  153  9:02  Marine x2  
  149  9:05  Liberator  
  149  9:14  SCV x3, Supply Depot  
  152  9:18  Liberator  
  152  9:20  Marine x2  
  152  9:22  Marauder x3  
  163  9:29  Marauder  
  165  9:37  Marine  
  165  9:38  Marine  
  169  9:41  Armory  
  169  9:43  Marauder  
  169  9:44  Marauder  
  172  9:53  Missile Turret  
  172  9:55  Missile Turret, Marine  
  172  9:57  Marine  
  172  10:02  Liberator x3  
  172  10:04  Marauder  
  172  10:05  Liberator, Marine  
  172  10:06  Marauder  
  172  10:11  Marauder  
  169  10:15  Marine x2  
  161  10:23  Marauder  
  161  10:25  Marauder  
  161  10:27  Marauder  
  154  10:32  Marine  
  154  10:33  Marine  
  135  10:44  Marauder  
  135  10:47  Marauder  
Tags
 
Add a new tag
Caveats
  • Supply blocks, unpowered buildings, or Contaminate may cause inaccurate times.
  • Supply counts are checked every 10 seconds.